 Dungeon Crawl Stone Soup version 0.19-a0-722-g27ac516 (webtiles) character file.

168 Leszczynek the Ducker (level 5, -2/45 HPs)
             Began as a Demigod Wanderer on June 21, 2016.
             Killed from afar by Natasha (6 damage)
             ... with a magic dart
             ... on level 2 of the Dungeon.
             The game lasted 00:09:18 (2852 turns).

Leszczynek the Ducker (Demigod Wanderer)            Turns: 2852, Time: 00:09:19

Health: -2/45      AC:  6    Str: 21    XL:     5   Next: 3%
Magic:  11/11      EV: 12    Int: 13    God:
Gold:   53         SH:  0    Dex: 16    Spells: 1 memorised, 8 levels left

rFire  . . .     SeeInvis .     h - +1 rapier
rCold  . . .     Gourm    .     g - +1 ring mail
rNeg   . . .     Faith    .     (no shield)
rPois  .         Spirit   .     (no helmet)
rElec  .         Dismiss  .     (no cloak)
rCorr  .         Reflect  .     (no gloves)
SustAt +         Harm     .     (no boots)
MR     .....                    (no amulet)
Stlth  +.........               (no ring)
                                (no ring)

@: not resistant to hostile enchantments, very unstealthy
A: high mp 1, strong 1, sustain attributes
a: no special abilities


You were on level 2 of the Dungeon.
You were not hungry.

You visited 1 branch of the dungeon, and saw 2 of its levels.

You collected 53 gold pieces.

Inventory:

Hand Weapons
 a - a +2 dagger
 h - a +1 rapier (weapon)
 r - a +0 spear
Missiles
 i - 100 sling bullets
 l - 13 arrows
Armour
 e - a +0 robe
 g - a +1 ring mail (worn)
Scrolls
 m - a scroll of remove curse
 u - a scroll of magic mapping {unknown}
Potions
 j - a potion of ambrosia
Books
 c - the Collected Works on the Compass

   Spells                             Type                      Level
   a - Apportation                    Translocation                1
   b - Portal Projectile              Translocation                3
 d - the Handbook of Ignition

   Spells                             Type                      Level
   a - Flame Tongue                   Conjuration/Fire             1
   b - Conjure Flame                  Conjuration/Fire             3
Comestibles
 b - 2 chunks of flesh
 f - 2 bread rations
 q - 2 meat rations


   Skills:
 - Level 3.0 Fighting
 - Level 1.0 Throwing
 + Level 3.1 Dodging
 - Level 1.0 Stealth
 - Level 2.6 Spellcasting
 - Level 1.0 Conjurations
   Level 1.0 Hexes
   Level 1.7 Necromancy
   Level 1.0 Ice Magic


You had 8 spell levels left.
You knew the following spells:

 Your Spells              Type           Power        Failure   Level  Hunger
a - Flame Tongue          Conj/Fire      #....        34%         1    #......


Dungeon Overview and Level Annotations

Branches:
Dungeon (2/15)

Annotations:
D:2 Natasha


Innate Abilities, Weirdness & Mutations

You have an increased reservoir of magic. (+10% MP)
Your attributes are resistant to harm.
Your muscles are strong. (Str +2)


Message History

It was a scroll of noise.
You hear a shout! x2
Natasha barely misses you. The iron imp hits you.
* * * LOW HITPOINT WARNING * * *
The crimson imp hits you but does no damage.
As you read the scroll labeled GUTAHY ZEOCKITS, it crumbles to dust.
It is a scroll of enchant armour.
Enchant which item? (? for menu, Esc to quit)
Your +0 ring mail glows green for a moment.
Natasha barely misses you. The crimson imp misses you.
The iron imp closely misses you. The shadow imp hits you.
* * * LOW HITPOINT WARNING * * *
Unknown command.
As you read the scroll labeled DALAYW KASIRPH, it crumbles to dust.
It is a scroll of enchant weapon.
Enchant which weapon? (? for menu, Esc to quit)
Your +0 rapier glows red for a moment.
Natasha casts a spell at you. The magic dart hits you!
You die...

####.....# #...#........#
#...#........# #
#...#....$...# #####
#...#........# ##....
#...#....##### #..... ##
#...#....# #####.....
....##...#55..#####....P....
..........h@.((...'.....P...
##..#...≈5.(.#####........#
#......≈.≈(#######.........
###....≈≈≈(#.....#.........
#.....≈≈≈≈(......####..###.
.........≈≈.'...............
##......P≈.P#(.(..#####'####
######..####..............#
#.## #..............#


You could see an iron imp, Natasha, a crimson imp and a shadow imp.

Vanquished Creatures
  Ijyb (D:1)
  Natasha (D:2)
  4 gnolls
  3 adders (D:2)
  An adder zombie (D:2)
  4 giant geckos
  A ball python (D:1)
  A bat (D:1)
  A bat skeleton (D:2)
  A bat zombie (D:2)
  2 giant cockroaches (D:1)
  7 goblins
  7 hobgoblins
  2 kobolds
  A quokka (D:2)
  2 ball python zombies (D:2)
  A giant gecko zombie (D:2)
  A giant newt (D:1)
  A quokka skeleton (D:2)
  6 rats
48 creatures vanquished.

Notes
Turn   | Place    | Note
--------------------------------------------------------------
     0 | D:1      | Leszczynek the Demigod Wanderer began the quest for the Orb.
     0 | D:1      | Leszczynek set off with: a +2 dagger, a potion of berserk rage, the Collected Works on the Compass, the Handbook of Ignition, a +0 robe, a bread ration
     0 | D:1      | Reached XP level 1. HP: 14/14 MP: 6/6
     0 | D:1      | spellcaster start with fighter stats
     0 | D:1      | wut
     0 | D:1      | 0 in fighting, 0 in weapons, 0 in dodging, 1.0 across tons of magic schools
     0 | D:1      | Identified the Collected Works on the Compass
     0 | D:1      | Identified the Handbook of Ignition
     0 | D:1      | and my spellbooks are spectacularly bad
     0 | D:1      | this is gonna be tough
     2 | D:1      | Learned a level 1 spell: Flame Tongue
    65 | D:1      | i'll switch to weapons asap, i think
   252 | D:1      | Reached skill level 1 in Dodging
   308 | D:1      | Reached skill level 1 in Fighting
   420 | D:1      | Reached XP level 2. HP: 16/23 MP: 2/8
   706 | D:1      | oh, i didn't notice, i have a +2 dagger
   970 | D:2      | Noticed Ijyb
  1479 | D:1      | Killed Ijyb
  1479 | D:1      | Reached skill level 2 in Fighting
  1479 | D:1      | Reached skill level 2 in Dodging
  1479 | D:1      | Reached XP level 3. HP: 22/29 MP: 9/9
  1675 | D:2      | oh, i had a potion of berserk rage
  1675 | D:2      | well that saved my life, for now
  1681 | D:1      | i have no way of killing adders though
  2080 | D:2      | Reached XP level 4. HP: 12/37 MP: 10/10
  2384 | D:2      | Gained mutation: Your muscles are strong. (Str +2) [potion of beneficial mutation]
  2608 | D:2      | Reached skill level 3 in Dodging
  2621 | D:2      | Noticed Natasha
  2643 | D:2      | i can kill natasha, right?
  2666 | D:2      | Killed Natasha
  2666 | D:2      | Reached skill level 3 in Fighting
  2666 | D:2      | Reached XP level 5. HP: 30/45 MP: 11/11
  2835 | D:2      | Noticed Natasha
  2849 | D:2      | might
  2849 | D:2      | well
  2849 | D:2      | gg
  2851 | D:2      | HP: 4/45 [shadow imp[Natasha] (2)]
  2852 | D:2      | Killed from afar by Natasha

Vault maps used:
D:1:      dpeg_arrival_simpleton_c, minmay_crystal_room
D:2:      serial_undead, serial_undead_b, serial_undead_e, serial_undead_a,
          serial_undead_f, serial_undead_c, uniq_natasha, uniq_iyjb

Skill      XL: |  1  2  3  4 |
---------------+-------------+-----
Dodging        | 1 2 3 |  3.1
Fighting       | 1 2 3 |  3.0
Throwing       | |  1.0
Stealth        | |  1.0
Spellcasting   | |  2.6
Conjurations   | |  1.0
Hexes          | |  1.0
Necromancy     | |  1.7
Ice Magic      | |  1.0

Action                   |  1- 3 |  4- 6 || total
-------------------------+-------+-------++-------
Melee: Dagger            |   144 |    34 ||   178
       Rapier            |       |    40 ||    40
 Cast: Flame Tongue      |     8 |       ||     8
  Use: Potion            |     1 |     3 ||     4
       Scroll            |       |     7 ||     7
  Eat: Chunk             |     5 |     2 ||     7
Armor: Robe              |     4 |       ||     4
       Ring mail         |    47 |    24 ||    71
Dodge: Dodged            |    98 |    64 ||   162
